Cogmind - Beta 13 @@@ ROGUE MODE // 2024.04.01 @ 16:06:10 Player: Zen9890 Result: Destroyed by D-53 Grenadier with Mini Grenade Launcher Performance ------------- Evolutions (0) 0 Regions Visited (2) 400 Robots Destroyed (17) 85 Value Destroyed (447) 447 Prototype IDs (3) 60 Alien Tech Used (0) 0 Bonus (0) 0 TOTAL SCORE: 992 Bonus ------- None Cogmind --------- Core Integrity 0/250 Matter 285/300 Energy 350/350 System Corruption 1% Temperature Cool (0) Movement Walking (200) Ox1 Location -10/Mines Parts ------- > --- POWER (1) -------- (None) > --- PROPULSION (2) --- Titanium Leg > --- UTILITY (2) ------ Large Storage Unit High-capacity Battery > --- WEAPON (2) ------- Light EM Pulse Cannon Katana > --- INVENTORY (15) --- Ion Engine Medium Matter Pod (95) Large Matter Pod (0) Improved Terrain Scanner Light Armor Plating Medium Laser Improved Assault Rifle Improved Assault Rifle Faulty Improved Assault Rifle Faulty Improved Assault Rifle Minigun Minigun Grenade Launcher Peak State ------------ > --- POWER ------------ Light Deuterium Engine > --- PROPULSION ------- Wheel Wheel > --- UTILITY ---------- Large Storage Unit High-capacity Battery > --- WEAPON ----------- Light EM Pulse Cannon Katana > --- INVENTORY -------- Ion Engine Titanium Leg Medium Matter Pod Large Matter Pod Improved Terrain Scanner Light Armor Plating Medium Laser Improved Assault Rifle Improved Assault Rifle Improved Assault Rifle Improved Assault Rifle Minigun Minigun Grenade Launcher [Rating: 15] Favorites ----------- Power Light Ion Engine Engine Light Ion Engine Propulsion Aluminum Leg Leg Aluminum Leg Wheel Wheel Utility Large Storage Unit Device Improved Terrain Scanner Storage Large Storage Unit Weapon Light EM Pulse Cannon Energy Gun EM Pulse Gun Energy Cannon Light EM Pulse Cannon Ballistic Gun Assault Rifle Launcher Grenade Launcher Slashing Weapon Katana Build | -11 -10 -10 ------- Run | Yrd Mat Min Slots Evolved . | . . . Power . | . . . Propulsion . | . . . Utility . | . . . Weapon . | . . . Parts Attached 21 | 6 10 5 Power 4 | 1 2 1 Engine 4 | 1 2 1 Core . | . . . Reactor . | . . . Propulsion 5 | 2 1 2 Treads . | . . . Leg 3 | 2 . 1 Wheel 2 | . 1 1 Hover . | . . . Flight . | . . . Utility 4 | 1 3 . Device 1 | 1 . . Storage 3 | . 3 . Processor . | . . . Hackware . | . . . Protection . | . . . Artifact . | . . . Weapon 8 | 2 4 2 Energy Gun 1 | 1 . . Energy Cannon 4 | . 3 1 Ballistic Gun 1 | 1 . . Ballistic Cannon . | . . . Launcher 1 | . 1 . Special Weapon . | . . . Impact Weapon . | . . . Slashing Weapon 1 | . . 1 Piercing Weapon . | . . . Special Melee Weapon . | . . . Unidentified Prototypes . | . . . Parts Lost 9 | . 5 4 Power 1 | . . 1 Propulsion 4 | . 2 2 Utility . | . . . Weapon 4 | . 3 1 Highest Loss Streak 4 | . 3 4 To Critical Strikes . | . . . Average Slot Usage (%) 97 | . 98 95 Engine 13 | . 13 14 Leg 22 | . 24 1 Wheel 5 | . 2 25 Device 8 | . 10 . Storage 18 | . 17 28 Energy Gun 5 | . 6 . Energy Cannon 13 | . 12 23 Ballistic Gun 5 | . 6 . Launcher 2 | . 2 . Naked Turns . | . . . Heaviest Build 37 | 8 36 37 Greatest Support 20 | 10 20 20 Greatest Overweight (x) 3 | . 3 2 Average Overweight (x) 1 | . 2 1 Largest Inventory Capacity 15 | 5 15 15 Average Capacity 12 | 5 14 15 Most Carried 15 | 4 15 15 Average Carried 9 | . 11 12 Final Capacity 15 | 5 15 15 Final Carried 13 | 3 12 13 Class Distribution -------------------- 100% | Mutant Dominant Class ---------------- Mutant | -10/Materials Mutant | -10/Mines Resources | -11 -10 -10 ----------- Run | Yrd Mat Min Matter Collected 695 | 277 288 130 Remotely . | . . . Salvage Created 465 | 79 386 . Parts 28 | 4 24 . Haulers Intercepted 1 | . 1 . Recyclers Shooed . | . . . Parts Field Recycled . | . . . Retrieved Matter . | . . . Parts Self-Destructed . | . . . Prevented . | . . . Kills | -11 -10 -10 ------- Run | Yrd Mat Min Combat Hostiles Destroyed 10 | 1 9 . Guns 1 | 1 . . Cannons 2 | . 2 . AOE 7 | . 7 . Classes Destroyed 6 | 3 3 . Worker 3 | 1 2 . Tunneler 1 | 1 . . Hauler 1 | . 1 . Recycler 1 | . 1 . Watcher 1 | . 1 . Grunt 10 | 1 9 . Best Kill Streak 6 | 2 6 . Combat Bots Only 3 | 1 3 . Max Kills in Single Turn 3 | 1 3 . Gunslinging . | . . . Exploded 2 | . 2 . Melee . | . . . Uniques/NPCs Destroyed . | . . . Combat | -11 -10 -10 -------- Run | Yrd Mat Min Hostile Shots Fired 70 | 6 57 7 Missed 17 | 3 14 . Damage Taken 1098 | 91 660 347 Core 253 | . 140 113 Absorbed by Shields . | . . . Core Remaining (%) 100 | 100 . . Volleys Fired 29 | 9 20 . Largest 2 | 2 2 . Hottest 112 | 60 112 . Shots Fired 45 | 18 27 . Gun 18 | 18 . . Cannon 16 | . 16 . Launcher 11 | . 11 . Special . | . . . Kinetic 9 | 9 . . Thermal . | . . . Explosive 11 | . 11 . Electromagnetic 25 | 9 16 . Robot Hit Streak 8 | 3 8 . Robot Miss Streak 2 | 2 2 . Penetration Max . | . . . Secondary Targets . | . . . Shots Hit Robots 22 | 8 14 . Core Hits 25 | 4 21 . Critical Kills . | . . . Critical Parts Destroyed . | . . . Critical Strikes . | . . . Melee Attacks . | . . . Impact . | . . . Slashing . | . . . Piercing . | . . . Sneak Attacks . | . . . Combat Hostiles . | . . . Follow-up Attacks . | . . . Damage Inflicted 1206 | 208 998 . Guns 117 | 117 . . Cannons 225 | . 225 . Explosions 864 | 91 773 . Melee . | . . . Ramming . | . . . Kinetic 49 | 49 . . Thermal 162 | 91 71 . Explosive 702 | . 702 . Electromagnetic 293 | 68 225 . Impact . | . . . Slashing . | . . . Piercing . | . . . Highest Corruption 1 | . 1 1 Average Corruption 1 | . 1 1 Corruption Purged . | . . . Corruption Blocked . | . . . Effects 8 | . 8 . Message Errors 2 | . 2 . Matter Fused 1 | . 1 . Heat Flow Errors 4 | . 4 . Data Loss (major) 1 | . 1 . Overload Shots . | . . . Overflow Damage 13 | 2 11 . Projectiles . | . . . Explosions 13 | 2 11 . Melee . | . . . Knockbacks . | . . . Impact . | . . . Kinetic . | . . . Secondary . | . . . Self-Inflicted Damage 230 | 58 172 . Shots 8 | 2 6 . Rammed . | . . . Targets Rammed . | . . . Kicked . | . . . Crushed . | . . . Highest Temperature 298 | 24 298 . Average Temperature 91 | 16 103 . Received Heat Transfer 318 | 18 291 9 Siege Activations . | . . . Robots Corrupted . | . . . Combat Hostiles . | . . . Parts Fried . | . . . Impact Corruptions . | . . . Robots Melted . | . . . Combat Hostiles . | . . . Parts Melted . | . . . Heat Transferred 350 | 200 150 . Parts Sabotaged . | . . . Parts Stolen . | . . . Parts Stripped . | . . . Power Chain Reactions 3 | 2 1 . Alert | -11 -10 -10 ------- Run | Yrd Mat Min Peak Influence 394 | 30 394 94 Initial 87 | . 19 87 Average 69 | 8 81 86 Maximum Alert Level 1 | . 1 . Low Security (%) 88 | 100 84 100 Level 1 11 | . 15 . Level 2 . | . . . Level 3 . | . . . Level 4 . | . . . Level 5 . | . . . High Security . | . . . Max Security . | . . . Squads Dispatched 4 | . 4 . Investigation 3 | . 3 . Extermination . | . . . Reinforcement 1 | . 1 . Assault . | . . . Garrison . | . . . Intercept . | . . . Searches Triggered . | . . . Construction Impeded . | . . . Haulers Reinforced . | . . . Active Scanning Responses . | . . . Cargo Convoy Interrupts . | . . . Stealth | -11 -10 -10 --------- Run | Yrd Mat Min Distress Signals 1 | . 1 . Communications Jammed . | . . . Distress Signals . | . . . Times Spotted 18 | 1 13 4 Peak Tracking Total 4 | 1 4 2 Tactical Retreats 1 | . 1 . Traps | -11 -10 -10 ------- Run | Yrd Mat Min Traps Triggered 2 | . 1 1 Indirectly . | . . . Trap Hack Attempts . | . . . Triggered . | . . . Disarmed . | . . . Reprogrammed . | . . . Reused . | . . . Traps Extracted . | . . . Installed . | . . . Triggered . | . . . Machines | -11 -10 -10 ---------- Run | Yrd Mat Min Machines Disabled 6 | . 6 . Max in Single Turn 1 | . 1 . Machines Repaired . | . . . Machines Dismantled . | . . . Machines Sabotaged . | . . . Overloaded Fab Kills . | . . . Hacking | -11 -10 -10 --------- Run | Yrd Mat Min Machines Accessed 5 | . 3 2 Terminals 4 | . 3 1 Fabricators . | . . . Repair Stations . | . . . Recycling Units . | . . . Scanalyzers . | . . . Garrison Access . | . . . Total Hacks 22 | . 16 6 Successful 12 | . 7 5 Failed 10 | . 9 1 Catastrophic 2 | . 2 . Database Lockouts . | . . . Manual . | . . . Terminals 21 | . 16 5 Fabricators . | . . . Repair Stations . | . . . Recycling Units . | . . . Scanalyzers . | . . . Garrison Access . | . . . Terminal Hacks 12 | . 7 5 Record 6 | . 2 4 Prototype ID Bank 2 | . 2 . Open Door 1 | . . 1 Level Access Points 1 | . 1 . Hauler Manifests 1 | . 1 . Zone Layout 1 | . 1 . Fabricator Hacks . | . . . Repair Station Hacks . | . . . Recycling Unit Hacks . | . . . Scanalyzer . | . . . Garrison Access Hacks . | . . . Unauthorized Hacks . | . . . Terminals . | . . . Fabricators . | . . . Repair Stations . | . . . Recycling Units . | . . . Scanalyzers . | . . . Garrison Access . | . . . Data Cores Recovered . | . . . Used . | . . . Hacking Detections 4 | . 3 1 Full Trace Events 3 | . 3 . Feedback Events 1 | . 1 . Corruption 1 | . 1 . Feedback Blocked . | . . . Robot Schematics Acquired . | . . . Robots Built . | . . . Authchips . | . . . Time . | . . . Total Robot Build Rating . | . . . Part Schematics Acquired . | . . . Parts Built . | . . . Authchips . | . . . Time . | . . . Total Part Build Rating . | . . . Parts Repaired . | . . . Time . | . . . Parts Recycled . | . . . Recycled Matter . | . . . Retrieved Matter . | . . . Retrieved Components . | . . . Parts Scanalyzed . | . . . Part Schematics Acquired . | . . . Parts Damaged . | . . . Bothacking | -11 -10 -10 ------------ Run | Yrd Mat Min Used RIF Installer . | . . . Robots Hacked . | . . . Non-combat . | . . . Combat . | . . . Robot Hacks Applied . | . . . Relay Couplers Released . | . . . Fabnet Peak Effective % . | . . . Robots Rewired . | . . . Allies Hacked . | . . . Hacks Repelled . | . . . Allies | -11 -10 -10 -------- Run | Yrd Mat Min Total Allies . | . . . Largest Group . | . . . Highest-Rated Group . | . . . Highest-Rated Ally . | . . . Total Orders . | . . . Ally Attacks . | . . . Total Damage . | . . . Kills . | . . . Allies Corrupted . | . . . Allies Melted . | . . . Intel | -11 -10 -10 ------- Run | Yrd Mat Min Robot Analysis Total . | . . . Derelict Logs Recovered . | . . . Drone Launches . | . . . Drone Recoveries . | . . . Exploration | -11 -10 -10 ------------- Run | Yrd Mat Min Turns Passed 1125 | 188 838 99 Spaces Moved 575 | 135 356 84 Core 22 | 22 . . Treads . | . . . Legs 352 | 113 236 3 Wheels 201 | . 120 81 Hover . | . . . Flight . | . . . Fastest Speed 50 | 50 120 95 Average Speed 170 | 108 210 99 Slowest Speed 330 | 120 330 270 Overloaded Moves . | . . . Propulsion Burnouts . | . . . Robots Hopped . | . . . Cave-ins Triggered . | . . . Exploration Rate (%) 30 | 6 60 26 Regions Visited 2 Branch Regions 1 Pre-discovered Areas . | . . . Known Exits Taken . | . . . Unknown Exits Taken 2 | 1 1 . Scrap Searched 1 | . . 1 Spaces Dug . | . . . Terrain Destroyed 65 | 3 62 . Melee . | . . . Projectile . | . . . AOE 65 | 3 62 . Terrain Rammed . | . . . Walls Destroyed . | . . . Machines Disabled . | . . . Actions | -11 -10 -10 --------- Run | Yrd Mat Min Total 680 | 158 420 102 Wait 3 | . 2 1 Move 573 | 134 355 84 Hop . | . . . Pick Up 39 | 9 22 8 Fast Attach 2 | . 2 . Attach 14 | 6 4 4 Detach . | . . . Swap 5 | . 4 1 Drop 15 | . 11 4 Fire 29 | 9 20 . Melee . | . . . Ram . | . . . Kick . | . . . Crush . | . . . Escape Stasis . | . . . Rewire . | . . . Trap . | . . . Miscellaneous . | . . . Route ------- -11/Scrapyard -10/Materials (discovered 5 exits: *Mat x3 / *Min / [Sub]) -10/Mines History --------- Turn | Location | Event 2 | -11/Scrapyard | Met Revision 17 124 | -11/Scrapyard | Discovered new exit (range 8) 189 | -11/Scrapyard | Entered Materials 210 | -10/Materials | Identified exit to Materials 298 | -10/Materials | Met 8R-AWN 304 | -10/Materials | Build established: Mutant 316 | -10/Materials | Discovered new exit (range 8) 732 | -10/Materials | Discovered new exit (range 12) 882 | -10/Materials | Lost 3 parts (1n2w) 903 | -10/Materials | Core integrity fell below 50% 1027 | -10/Materials | Entered Mines 1028 | -10/Mines | Followed 8R-AWN into the Mines 1041 | -10/Mines | Met a Derelict bent on vengeance 1100 | -10/Mines | Met a Derelict who couldn't figure out how to use a Trap Extractor 1102 | -10/Mines | Assembled infested the area 1107 | -10/Mines | Assisted by a Guerilla fighting off Assembled 1125 | -10/Mines | Core integrity fell below 20% 1126 | -10/Mines | Destroyed by D-53 Grenadier with Mini Grenade Launcher Last Messages --------------- try to find another way!" Dropped Lgt. Assault Rifle. Acquired Titanium Leg. Dropped Lgt. Assault Rifle. SHOP.Sys disabled. U-05 Engineer lays Concrete. Acquired Corrupted Minigun. B0-PLA(h) destroyed. U-05 Engineer lays Concrete. Wheel destroyed. U-05 Engineer lays Concrete. Lgt. Deuterium Engine destroyed. U-05 Engineer lays Concrete. The unstable cave ceiling collapses. U-05 Engineer lays Concrete. The unstable cave ceiling collapses. U-05 Engineer lays Concrete. D-53 Grenadier destroyed. The unstable cave ceiling collapses. U-05 Engineer lays Concrete. Map ----- +----------------------------------------------------+ | ????????????????????????????????????????????????? | | ????????????????????????????????????????????????? | | ????????????????????????????????????????????????? | | ????????????????????????????????????????????????? | | ????????????????????????????????????????????????? | | ????????????????????????????????????????????????? | | ????????????????????????????????????????????????? | | ????????????????????????????????????????????????? | | ????????????????????????????????????????????????? | | ????????????????????????????????????????????????? | | ????????????????????????????????????????????????? | | ????????????????????????????????????????????????? | | ????????????????????????????????????????????????? | | ????????????????????????????????????????????????? | | ??????????????????????????????????????????????#?? | | ??????????????????????????????????????? ## | | ??????????????????????????????????????? | | ????????????????????????#########??????????# # | | ???????????????????????## # #; #????????????? # | | ?????????????????????### [ ;#?????????????# # | | ?????????????????????# # [ #??####???????# # | | ????????????????????## ##?## ##??????# # | | ?????????????????# ## ### ###????# # | | ??????????????# # # ##???#!# | | ??????????????# # #####%# | | ??????????????# @ ] * | | ??????????????# %!d= * # | | ??????????????# % u ### | | ??????????????# #?? | | ??????????????#;% ### ### ##?? | | ??????????????### ##??## ##?#####??? | | ????????????????#; #?????#### #?????????? | | ????????????????#####?????????##### #????????? | | ??????????????????????????????????## ???????? | | ???????????????????????????????????## ??????? | | ????????????????????????????????????## ! ?????? | | ?????????????????????????????????????# % ?????? | | ??????????????????????????????????????%= ?????? | | ?????????????????????????????????????? = ??????? | | ?????????????????????????????????????? ????????? | | ?????????????????????????????????????? ?????????? | | ????????????????????????????????????????????????? | | ????????????????????????????????????????????????? | | ????????????????????????????????????????????????? | | ????????????????????????????????????????????????? | | ????????????????????????????????????????????????? | | ????????????????????????????????????????????????? | | ????????????????????????????????????????????????? | | ????????????????????????????????????????????????? | | ????????????????????????????????????????????????? | +----------------------------------------------------+ Best States ------------- Heat Dissipation 25 Energy Generation 14 Energy Capacity 500 Matter Stores 300 Matter Capacity 400 Sight Range 16 Terrain Scan Range 16 Terrain Scan Density 10 Evasion (%) 55 Item Schematics ----------------- None Robot Schematics ------------------ None Fabricated ------------ Nothing Alien Tech Used ----------------- None Achievements -------------- None Challenges ------------ None Game ------ Seed TargetingKineticWand Manual? 0 Play Time 00:14:47 Cumulative 2.3 hours Start 2024.04.01 @ 15:51:44 End 2024.04.01 @ 16:06:10 Sessions 1 Manual Loads 0 Difficulty Rogue Special Mode None Game No. 3 Rogue 3 Adventurer 0 Explorer 0 Win Type - Total 0 Types 0/0/0/0/0/0/0/0/0 Lore% 1 Gallery% 7 Achievement% 7 Wizard Run 0 Options --------- Layout 1 ASCII 0 Keyboard 0 Movement Mouse Keybinds 0 Fullscreen 1 Font 24/Terminus Map View 50x35 Zoom Use 0% Tactical HUD 0 Map Filters NONE Filters NONE Steam 1 RUN: f2ad1254-67cd-4436-9166-f43d6628e442